 Dungeon Crawl Stone Soup version 0.26-a0-682-g294304f6e8 (webtiles) character file.

Game seed: 733285831864478559

22 Kinoniko the Chucker (level 2, -2/32 HPs)
             Began as an Ogre Hunter on Oct 20, 2020.
             Slain by a rat (3 damage)
             ... on level 1 of the Dungeon.
             The game lasted 00:01:33 (395 turns).

Kinoniko the Chucker (Ogre Hunter)                   Turns: 395, Time: 00:01:34

Health: -2/32      AC:  3    Str: 15    XL:     2   Next: 91%
Magic:  2/2        EV: 10    Int: 12    God:
Gold:   51         SH:  0    Dex:  9    Spells: 1/1 levels left

rFire    . . .     SeeInvis .   h - +0 halberd
rCold    . . .     Faith    .   (shield currently unavailable)
rNeg     . . .     Spirit   .   b - +0 robe
rPois    .         Reflect  .   (helmet restricted)
rElec    .         Harm     .   (no cloak)
rCorr    .         Rampage  .   (gloves unavailable)
MR       .....                  (boots unavailable)
Stlth    +.........             (no amulet)
HPRegen  0.10/turn              (no ring)
MPRegen  0.08/turn              (no ring)

@: no status effects
A: large, unfitting armour, tough skin 1
a: no special abilities


You were on level 1 of the Dungeon.
You visited 1 branch of the dungeon, and saw 1 of its levels.

You collected 51 gold pieces.

Inventory:

Hand Weapons
 h - a +0 halberd (weapon)
Missiles
 c - 3 large rocks (quivered)
 d - 2 throwing nets
 g - 62 stones
Armour
 b - a +0 robe (worn)
Scrolls
 e - a scroll of identify {unknown}
 i - a scroll of remove curse {unknown}
Potions
 a - a potion of degeneration {unknown}
 f - a potion of cancellation {unknown}
 j - a potion of might {unknown}


   Skills:
 + Level 3.7 Fighting
 * Level 0.7 Polearms
 + Level 4.2 Throwing
 - Level 1.7 Dodging
 - Level 0.6 Stealth


You had one spell level left.
You didn't know any spells.
Your spell library was empty.

Dungeon Overview and Level Annotations

Branches:
Dungeon (1/15)

Altars:


Innate Abilities, Weirdness & Mutations

You are too large for most types of armour.
You have tough skin. (AC +1)


Message History

The bat hits you.
* * * LOW HITPOINT WARNING * * *
The bat hits you but does no damage. The rat barely misses you.
The bat hits you but does no damage.
You barely miss the bat.
The bat is heavily wounded.
The bat hits you but does no damage. x2; The rat closely misses you.
The bat hits you but does no damage. The rat barely misses you.
You hit the bat.
You kill the bat!
The rat barely misses you.
You barely miss the rat. The rat bites you.
* * * LOW HITPOINT WARNING * * *
The rat bites you but does no damage. The rat closely misses you.
The rat bites you.
* * * LOW HITPOINT WARNING * * *
You hit the rat.
The rat is heavily wounded.
The rat bites you.
You die...

#.#. ... .... .#. ..
.... #.. .. ..≈§§. #r.
.# #..§§.
#..#'#######.§§§§
#..........#§≈§§§ #
#>...........≈.≈≈
#.####..........§§≈.
#.r@r(..........§§§.
#.###........(...§.. #
#...........≈§§§
#...........≈§≈.
#.#.######..≈§≈≈
#.#.........≈..>
#######.########.§§≈§.
...............#.§§.§.
#######.######.#..≈§≈.


You could see 2 rats.

Vanquished Creatures
  A gnoll (D:1)
  A dart slug (D:1)
  A leopard gecko (D:1)
  2 goblins (D:1)
  3 bats (D:1)
  A frilled lizard (D:1)
  A kobold (D:1)
10 creatures vanquished.

Notes
Turn   | Place    | Note
-------+----------+-------------------------------------------
     0 | D:1      | Kinoniko the Ogre Hunter began the quest for the Orb.
     0 | D:1      | Reached XP level 1. HP: 22/22 MP: 1/1
   131 | D:1      | Reached XP level 2. HP: 31/31 MP: 2/2
   394 | D:1      | HP: 1/32 [rat (2)]
   395 | D:1      | Slain by a rat

Illustrated notes

Levels and vault maps discovered:
D:1:      evilmike_arrival_hilbert_curve, layout_basic

Skill      XL: |  1 |
---------------+----+-----
Fighting       | 3 |  3.7
Polearms       | |  0.7
Throwing       | |  4.2
Dodging        | |  1.7
Stealth        | |  0.6

Action                   || total
-------------------------++-------
Melee: Short sword       ||     2
       Halberd           ||    33
Throw: Large rock        ||     8
Armor: Robe              ||    26
Dodge: Dodged            ||    34

Table legend: (Time is in decaauts)
 A = Elapsed time spent in this place.
 B = Non-inter-level travel time spent in this place.
 C = Inter-level travel time spent in this place.
 D = Time resting spent in this place.
 E = Time spent auto-exploring this place.
 F = Levels seen in this place.
 G = Mean time per level.
                   A        B        C        D        E       F      G
               +--------+--------+--------+--------+--------+-----+--------+
         Total |    416 |    416 |      0 |      0 |    269 |   1 |  416.0 |
       Dungeon |    416 |    416 |      0 |      0 |    269 |   1 |  416.0 |
               +--------+--------+--------+--------+--------+-----+--------+

Top non-repeatable levels by time:
     D:1: 416 daAuts
